3AAA
TORTOLITA DRUMMERS @ HAMILTON COYOTES
07/09/2033
 
TOP OF THE 1ST
Tortolita Drummers batting - Pitching for Hamilton Coyotes : RHP Errol Lange
Pitching: RHP Errol Lange
Batting: RHB Lu-fang Koo 0-0: Ball
1-0: Swinging Strike
1-1: Called Strike
1-2: Ball
2-2: Foul Ball, location: 2F
2-2: Ball
3-2: Base on Balls
Batting: RHB Otis Brewer 0-0: Called Strike
0-1: Foul Ball, location: 2F
0-2: Ball
1-2: Foul Ball, location: 2F
1-2: Ball
2-2: SINGLE (Groundball, 56D)
Lu-fang Koo to second
Batting: RHB Ricardo Pacheco 0-0: Called Strike
0-1: Called Strike
0-2: SINGLE (Groundball, 56D)
Lu-fang Koo to third
Otis Brewer to second
Runner from 3rd tries for Home, SAFE, no throw
Batting: LHB Cliff Aldridge 0-0: Called Strike
0-1: Ball
1-1: Ball
2-1: Fly out, F8 (Flyball, 8RM)
Batting: RHB Colby King 0-0: Swinging Strike
0-1: Swinging Strike
0-2: Foul Ball, location: 2F
0-2: Ball
1-2: Foul Ball, location: 2F
1-2: Ball
2-2: Strikes out looking
Batting: LHB Alberto Garza 0-0: Called Strike
0-1: Swinging Strike
0-2: Strikes out swinging
Top of the 1st over - 1 run, 2 hits, 0 errors, 2 left on base; Tortolita 1 - Hamilton 0
BOTTOM OF THE 1ST
Hamilton Coyotes batting - Pitching for Tortolita Drummers : RHP Johnnie Bough
Pitching: RHP Johnnie Bough
Batting: RHB Elia Amberezzio 0-0: Called Strike
0-1: Called Strike
0-2: Strikes out swinging
Batting: RHB Duane Wills 0-0: Fly out, F6 (Popup, P)
Batting: RHB Dani Trejo 0-0: Called Strike
0-1: Swinging Strike
0-2: Fly out, F6 (Line Drive, 56)
Bottom of the 1st over - 0 runs, 0 hits, 0 errors, 0 left on base; Tortolita 1 - Hamilton 0
TOP OF THE 2ND
Tortolita Drummers batting - Pitching for Hamilton Coyotes : RHP Errol Lange
Batting: RHB Vincent Klein 0-0: Swinging Strike
0-1: Ball
1-1: Ground out 6-3 (Groundball, 6)
Batting: RHB Keiran Calleson 0-0: Called Strike
0-1: Foul Ball, location: 2F
0-2: Ball
1-2: Foul Ball, location: 2F
1-2: Foul Ball, location: 2F
1-2: Strikes out swinging
Batting: SHB Marcos Roa 0-0: Ball
1-0: Ball
2-0: Called Strike
2-1: Foul Ball, location: 2F
2-2: Ball
3-2: Base on Balls
Batting: RHB Lu-fang Koo 0-0: Ball
1-0: Ball
2-0: Foul Ball, location: 2F
2-1: Ball
3-1: Base on Balls
Marcos Roa to second
Batting: RHB Otis Brewer 0-0: Called Strike
0-1: Ball
1-1: Foul Ball, location: 2F
1-2: Fielders Choice at 2nd, 6-4 (Groundball, 6)
Top of the 2nd over - 0 runs, 0 hits, 0 errors, 2 left on base; Tortolita 1 - Hamilton 0
BOTTOM OF THE 2ND
Hamilton Coyotes batting - Pitching for Tortolita Drummers : RHP Johnnie Bough
Batting: RHB Clarence Neal 0-0: Called Strike
0-1: Ball
1-1: SINGLE (Groundball, 4MD)
Batting: LHB Scot Willis 0-0: Ball
1-0: Ball
2-0: Called Strike
2-1: Foul Ball, location: 2F
2-2: Ball
3-2: Fly out, F6 (Popup, 15)
Batting: RHB Júlio Robles 0-0: Ball
1-0: Ground out U3 (Groundball, 3S)
Clarence Neal to second
Batting: RHB Jim Scott 0-0: Ball
1-0: Ball
2-0: Swinging Strike
2-1: Foul Ball, location: 2F
2-2: Foul Ball, location: 2F
2-2: Fly out, F9 (Flyball, 89D)
Bottom of the 2nd over - 0 runs, 1 hit, 0 errors, 1 left on base; Tortolita 1 - Hamilton 0
TOP OF THE 3RD
Tortolita Drummers batting - Pitching for Hamilton Coyotes : RHP Errol Lange
Batting: RHB Ricardo Pacheco 0-0: Ball
1-0: Foul Ball, location: 2F
1-1: SINGLE (Line Drive, 56D)
Batting: LHB Cliff Aldridge 0-0: Ball
Ricardo Pacheco steals 2nd base
1-0: Ball
2-0: Ball
3-0: Called Strike
3-1: Base on Balls
Batting: RHB Colby King 0-0: Foul Ball, location: 2F
0-1: Ball
1-1: Foul Ball, location: 2F
1-2: Ball
2-2: Ball
3-2: DOUBLE (Line Drive, 78D)
Ricardo Pacheco scores
Cliff Aldridge to third
Batting: LHB Alberto Garza 0-0: Ball
1-0: Swinging Strike
1-1: Ball
2-1: Ball
3-1: Fly out, F7 (Flyball, 78D)
Runner from 3rd tags up, SCORES, throw made
Batting: RHB Vincent Klein 0-0: Called Strike
0-1: Called Strike
0-2: Ball
1-2: Ball
2-2: Ball
3-2: Base on Balls
Batting: RHB Keiran Calleson 0-0: Ball
1-0: 3-RUN HOME RUN (Flyball, 7D), Distance : 382 ft
Batting: SHB Marcos Roa 0-0: Called Strike
0-1: Ground out 1-3 (Groundball, 15S)
Batting: RHB Lu-fang Koo 0-0: Called Strike
0-1: SINGLE (Line Drive, 6D)
Pitching: RHP Ed Maresh
Batting: RHB Otis Brewer 0-0: Swinging Strike
0-1: Fielders Choice at 2nd, 5-4 (Groundball, 5)
Top of the 3rd over - 5 runs, 4 hits, 0 errors, 1 left on base; Tortolita 6 - Hamilton 0
BOTTOM OF THE 3RD
Hamilton Coyotes batting - Pitching for Tortolita Drummers : RHP Johnnie Bough
Batting: RHB Warren Martin 0-0: Ball
1-0: SINGLE (Groundball, 34D)
Batting: LHB Tony Rodríguez 0-0: Called Strike
0-1: Ball
1-1: Ball
2-1: Foul Ball, location: 2F
2-2: Foul Ball, location: 2F
2-2: Foul Ball, location: 2F
2-2: Fielders Choice at 2nd, 4-6 (Groundball, 4)
Batting: RHB Elia Amberezzio 0-0: Called Strike
Tony Rodríguez steals 2nd base
0-1: Called Strike
Tony Rodríguez steals 3rd base
0-2: Ball
1-2: SINGLE (Groundball, 56D)
Tony Rodríguez scores
Batting: RHB Duane Wills 0-0: Called Strike
0-1: Ball
1-1: Called Strike
1-2: Foul Ball, location: 2F
1-2: Ball
2-2: Ground out 5-3 (Groundball, 56S)
Elia Amberezzio to second
Batting: RHB Dani Trejo 0-0: Fly out, F5 (Line Drive, 5L)
Bottom of the 3rd over - 1 run, 2 hits, 0 errors, 1 left on base; Tortolita 6 - Hamilton 1
TOP OF THE 4TH
Tortolita Drummers batting - Pitching for Hamilton Coyotes : RHP Ed Maresh
Batting: RHB Ricardo Pacheco 0-0: Called Strike
0-1: Ball
1-1: SINGLE (Line Drive, 34D)
Batting: LHB Cliff Aldridge 0-0: Ball
1-0: Ball
2-0: Called Strike
2-1: Grounds into double play, 4-6-3 (Groundball, 4)
Batting: RHB Colby King 0-0: Called Strike
0-1: Ball
1-1: Called Strike
1-2: Ball
2-2: Foul Ball, location: 2F
2-2: Ball
3-2: Base on Balls
Batting: LHB Alberto Garza 0-0: Fly out, F9 (Flyball, 9LMF)
Top of the 4th over - 0 runs, 1 hit, 0 errors, 1 left on base; Tortolita 6 - Hamilton 1
BOTTOM OF THE 4TH
Hamilton Coyotes batting - Pitching for Tortolita Drummers : RHP Johnnie Bough
Batting: RHB Clarence Neal 0-0: Called Strike
0-1: Called Strike
0-2: Ball
1-2: SINGLE (Groundball, 6MD)
Batting: LHB Scot Willis 0-0: Called Strike
0-1: Ground out 3-1 (Groundball, 3S)
Clarence Neal to second
Batting: RHB Júlio Robles 0-0: Foul Ball, location: 2F
0-1: Ball
1-1: Swinging Strike
1-2: Ball
2-2: DOUBLE (Groundball, 5L)
Clarence Neal scores
Batting: RHB Jim Scott 0-0: Called Strike
Júlio Robles steals 3rd base
0-1: Ball
1-1: Swinging Strike
1-2: Ball
2-2: Foul Ball, location: 2F
2-2: Ball
3-2: Base on Balls
Batting: RHB Warren Martin 0-0: Ball
1-0: Ball
2-0: Called Strike
2-1: Ball
3-1: Base on Balls
Jim Scott to second
Batting: LHB Tony Rodríguez 0-0: Ball
1-0: Fly out, F9 (Line Drive, 89S)
Runner from 3rd tags up, SCORES, no throw
Batting: RHB Elia Amberezzio 0-0: Foul Ball, location: 2F
0-1: Ball
1-1: Fly out, F8 (Flyball, 8RM)
Bottom of the 4th over - 2 runs, 2 hits, 0 errors, 2 left on base; Tortolita 6 - Hamilton 3
TOP OF THE 5TH
Tortolita Drummers batting - Pitching for Hamilton Coyotes : RHP Ed Maresh
Batting: RHB Vincent Klein 0-0: Ball
1-0: Ball
2-0: Ball
3-0: Called Strike
3-1: Foul Ball, location: 2F
3-2: Foul Ball, location: 2F
3-2: Ground out 5-3 (Groundball, 56)
Batting: RHB Keiran Calleson 0-0: Called Strike
0-1: Ball
1-1: Foul Ball, location: 2F
1-2: Ball
2-2: Foul Ball, location: 2F
2-2: Fly out, F8 (Flyball, 89M)
Batting: SHB Marcos Roa 0-0: Called Strike
0-1: Ball
1-1: Ball
2-1: Called Strike
2-2: Ball
3-2: Base on Balls
Batting: RHB Lu-fang Koo 0-0: Foul Ball, location: 2F
0-1: 2-RUN HOME RUN (Line Drive, 89XD), Distance : 363 ft
Batting: RHB Otis Brewer 0-0: Ball
1-0: Called Strike
1-1: Swinging Strike
1-2: Foul Ball, location: 2F
1-2: Strikes out swinging
Top of the 5th over - 2 runs, 1 hit, 0 errors, 0 left on base; Tortolita 8 - Hamilton 3
BOTTOM OF THE 5TH
Hamilton Coyotes batting - Pitching for Tortolita Drummers : RHP Johnnie Bough
Batting: RHB Duane Wills 0-0: Ball
1-0: Ball
2-0: Ground out 6-3 (Groundball, 56)
Batting: RHB Dani Trejo 0-0: Ball
1-0: Ball
2-0: Ball
3-0: Called Strike
3-1: Foul Ball, location: 2F
3-2: Fly out, F5 (Popup, 56S)
Batting: RHB Clarence Neal 0-0: Called Strike
0-1: Ball
1-1: Foul Ball, location: 2F
1-2: Ball
2-2: Strikes out swinging, 2-3 out at first.
Bottom of the 5th over - 0 runs, 0 hits, 0 errors, 0 left on base; Tortolita 8 - Hamilton 3
TOP OF THE 6TH
Tortolita Drummers batting - Pitching for Hamilton Coyotes : RHP Ed Maresh
Batting: RHB Ricardo Pacheco 0-0: Called Strike
0-1: Foul Ball, location: 2F
0-2: Ball
1-2: SINGLE (Line Drive, 8LS)
Batting: LHB Cliff Aldridge 0-0: Ball
1-0: Fly out, F9 (Flyball, 89M)
Batting: RHB Colby King 0-0: Called Strike
0-1: Fielders Choice at 2nd, 1-6 (Groundball, 13S)
Batting: LHB Alberto Garza 0-0: Ball
1-0: Called Strike
1-1: Called Strike
Colby King steals 2nd base
1-2: Ball
2-2: Fly out, F6 (Popup, 6D)
Top of the 6th over - 0 runs, 1 hit, 0 errors, 1 left on base; Tortolita 8 - Hamilton 3
BOTTOM OF THE 6TH
Hamilton Coyotes batting - Pitching for Tortolita Drummers : RHP Johnnie Bough
Batting: LHB Scot Willis 0-0: Called Strike
0-1: Swinging Strike
0-2: Fly out, F8 (Flyball, 8RD)
Batting: RHB Júlio Robles 0-0: Ground out 4-3 (Groundball, 4)
Batting: RHB Jim Scott 0-0: Called Strike
0-1: Ball
1-1: Ball
2-1: Called Strike
2-2: Foul Ball, location: 2F
2-2: Ball
3-2: Foul Ball, location: 2F
3-2: Base on Balls
Batting: RHB Warren Martin 0-0: Ball
1-0: Ground out 1-3 (Groundball, 15S)
Bottom of the 6th over - 0 runs, 0 hits, 0 errors, 1 left on base; Tortolita 8 - Hamilton 3
TOP OF THE 7TH
Tortolita Drummers batting - Pitching for Hamilton Coyotes : RHP Ed Maresh
Batting: RHB Vincent Klein 0-0: Ball
1-0: Ball
2-0: Fly out, F9 (Flyball, 9D)
Batting: RHB Keiran Calleson 0-0: Called Strike
0-1: Ground out 6-3 (Groundball, 6)
Batting: SHB Marcos Roa 0-0: Ball
1-0: Ground out U3 (Groundball, 3)
Top of the 7th over - 0 runs, 0 hits, 0 errors, 0 left on base; Tortolita 8 - Hamilton 3
BOTTOM OF THE 7TH
Hamilton Coyotes batting - Pitching for Tortolita Drummers : RHP Johnnie Bough
Pitching: RHP Mike Desmond
Batting: LHB Tony Rodríguez 0-0: Ball
1-0: Ground out 1-3 (Groundball, 13)
Batting: RHB Elia Amberezzio 0-0: Ball
1-0: Ground out 6-3 (Groundball, 6S)
Batting: RHB Duane Wills 0-0: Ball
1-0: Ball
2-0: Ball
3-0: Called Strike
3-1: Base on Balls
Batting: RHB Dani Trejo 0-0: Swinging Strike
Duane Wills steals 2nd base
0-1: Called Strike
0-2: Foul Ball, location: 2F
0-2: Ball
1-2: Foul Ball, location: 2F
1-2: Ball
2-2: Strikes out swinging
Bottom of the 7th over - 0 runs, 0 hits, 0 errors, 1 left on base; Tortolita 8 - Hamilton 3
TOP OF THE 8TH
Tortolita Drummers batting - Pitching for Hamilton Coyotes : RHP Ed Maresh
Batting: RHB Lu-fang Koo 0-0: Foul Ball, location: 2F
0-1: Called Strike
0-2: Reached on error, E8 (Flyball, 8RD)
Pitching: LHP Francisco Jiménez
Batting: RHB Otis Brewer 0-0: SINGLE (Flyball, 89S) - OUT at second base trying to stretch hit.
Lu-fang Koo scores
Batting: RHB Ricardo Pacheco 0-0: Called Strike
0-1: SINGLE (Groundball, 4MD)
Batting: LHB Cliff Aldridge 0-0: Called Strike
0-1: DOUBLE (Line Drive, 89S)
Ricardo Pacheco to third
Batting: RHB Colby King 0-0: Ball
1-0: Foul Ball, location: 2F
1-1: Ball
2-1: Ball
3-1: SINGLE (Flyball, 7LS)
Ricardo Pacheco scores
Cliff Aldridge to third
Batting: LHB Alberto Garza 0-0: Ball
1-0: Ball
2-0: Called Strike
2-1: Ball
3-1: Base on Balls
Colby King to second
Batting: RHB Vincent Klein 0-0: Called Strike
0-1: Foul Ball, location: 2F
0-2: Ball
1-2: Ball
2-2: Ball
3-2: Base on Balls
Cliff Aldridge scores
Colby King to third
Alberto Garza to second
Batting: RHB Keiran Calleson 0-0: Ball
1-0: Called Strike
1-1: DOUBLE (Line Drive, 9LD)
Colby King scores
Alberto Garza scores
Vincent Klein to third
Batting: SHB Marcos Roa 0-0: Fly out, F8 (Flyball, 8RM)
Batting: RHB Lu-fang Koo 0-0: Foul Ball, location: 2F
0-1: DOUBLE (Line Drive, 7)
Vincent Klein scores
Keiran Calleson scores
Batting: RHB Otis Brewer 0-0: Foul Ball, location: 2F
0-1: Called Strike
0-2: Ground out 6-3 (Groundball, 6M)
Top of the 8th over - 7 runs, 6 hits, 1 error, 1 left on base; Tortolita 15 - Hamilton 3
BOTTOM OF THE 8TH
Hamilton Coyotes batting - Pitching for Tortolita Drummers : RHP Mike Desmond
Now in RF: Bernardo Elías
Batting: RHB Clarence Neal 0-0: Ball
1-0: Called Strike
1-1: Foul Ball, location: 2F
1-2: Ball
2-2: Ball
3-2: Strikes out swinging
Batting: LHB Scot Willis 0-0: Ball
1-0: SINGLE (Groundball, 3D)
Batting: RHB Júlio Robles 0-0: Called Strike
0-1: Swinging Strike
0-2: Strikes out swinging
Batting: RHB Jim Scott 0-0: Called Strike
0-1: Foul Ball, location: 2F
0-2: Foul Ball, location: 2F
0-2: Foul Ball, location: 2F
0-2: Foul Ball, location: 2F
0-2: Fly out, F4 (Popup, 4M)
Bottom of the 8th over - 0 runs, 1 hit, 0 errors, 1 left on base; Tortolita 15 - Hamilton 3
TOP OF THE 9TH
Tortolita Drummers batting - Pitching for Hamilton Coyotes : LHP Francisco Jiménez
Pitching: RHP Nick Balleza
Pinch Hitting: LHB Timmy Appeldoorn 0-0: Called Strike
0-1: Swinging Strike
0-2: Ball
1-2: Ball
2-2: Ball
3-2: Strikes out looking
Batting: LHB Cliff Aldridge 0-0: Ball
1-0: Swinging Strike
1-1: DOUBLE (Flyball, 78XD)
Batting: RHB Colby King 0-0: Called Strike
0-1: Swinging Strike
0-2: Ball
1-2: Foul Ball, location: 2F
1-2: Ball
2-2: Fly out, F7 (Flyball, 7S)
Batting: LHB Alberto Garza 0-0: SINGLE (Groundball, 6D)
Cliff Aldridge to third
Runner from 3rd tries for Home, SAFE, no throw
Batting: RHB Vincent Klein 0-0: Ball
1-0: Ball
2-0: Foul Ball, location: 2F
2-1: Fly out, F7 (Line Drive, 7S)
Top of the 9th over - 1 run, 2 hits, 0 errors, 1 left on base; Tortolita 16 - Hamilton 3
BOTTOM OF THE 9TH
Hamilton Coyotes batting - Pitching for Tortolita Drummers : RHP Mike Desmond
Now at C: Eisse Cals
Now in LF: Jeffery Campbell
Batting: RHB Warren Martin 0-0: Ball
1-0: SINGLE (Groundball, 3D)
Batting: LHB Tony Rodríguez 0-0: Called Strike
0-1: Swinging Strike
0-2: Ball
1-2: Ball
2-2: Foul Ball, location: 2F
2-2: Strikes out swinging
Batting: RHB Elia Amberezzio 0-0: Ball
Wild Pitch!
Warren Martin to second
1-0: Called Strike
1-1: Swinging Strike
1-2: Strikes out swinging
Batting: RHB Duane Wills 0-0: Foul Ball, location: 2F
0-1: Foul Ball, location: 2F
0-2: Strikes out looking
Bottom of the 9th over - 0 runs, 1 hit, 0 errors, 1 left on base; Tortolita 16 - Hamilton 3
Saturday, December 22nd, 2018 - OOTP Baseball 18.8 Build 76